 Dungeon Crawl Stone Soup version 0.29-a0-1052-g6990b1bffc (webtiles) character file.

Game seed: 10850317981966607012

1836 ytrimaz the Martial Artist (level 8, -2/57 HPs)
             Began as a Demonspawn Transmuter on Aug 17, 2022.
             Was a Priest of Jiyva.
             Slain by a vampire (12 damage)
             ... on level 6 of the Dungeon.
             The game lasted 00:06:04 (5667 turns).

ytrimaz the Martial Artist (Demonspawn Transmuter)  Turns: 5667, Time: 00:06:05

Health: -2/57      AC:  5    Str: 10    XL:     8   Next: 87%
Magic:  10/11      EV: 13    Int: 16    God:    Jiyva [***...]
Gold:   163        SH:  4    Dex: 15    Spells: 5/11 levels left

rFire   . . .      SeeInvis .     - Unarmed
rCold   . . .      Faith    .   (no shield)
rNeg    + . .      Spirit   .   a - +1 robe
rPois   .          Reflect  .   (no helmet)
rElec   .          Harm     .   (no cloak)
rCorr   +          Rampage  .   (no gloves)
Will    +....                   (no boots)
Stlth   +.........              d - amulet of magic regeneration
HPRegen 1.31/turn               k - ring of willpower
MPRegen 0.87/turn               g - ring of positive energy

@: brilliant, attractive, calling ooze
A: thin metallic scales 1, condensation shield, weakness stinger 2
a: Renounce Religion, Oozemancy


You were on level 6 of the Dungeon.
You worshipped Jiyva.
Jiyva was most pleased with you.
You visited 2 branches of the dungeon, and saw 7 of its levels.

You collected 163 gold pieces.

Inventory:

Missiles
 j - a throwing net
Armour
 a - a +1 robe (worn)
Jewellery
 c - a ring of flight
 d - an amulet of magic regeneration (around neck)
 g - a ring of positive energy (right hand)
 k - a ring of willpower (left hand)
Wands
 m - a wand of polymorph (6)
Scrolls
 i - a scroll of enchant weapon
Potions
 e - a potion of magic
 f - a potion of flight {unknown}
 h - a potion of might {unknown}
 l - a potion of brilliance


   Skills:
 - Level 2.4 Fighting
 - Level 4.2 Dodging
 - Level 0.3 Shields
 + Level 9.1 Unarmed Combat
 - Level 2.0 Spellcasting
 - Level 1.7 Transmutations
 + Level 3.9 Poison Magic


You had 5 spell levels left.
You knew the following spells:

 Your Spells              Type           Power      Damage    Failure   Level
a - Beastly Appendage     Tmut           20%        N/A       10%         1
b - Wereblood             Tmut           10%        N/A       16%         2
c - Spider Form           Tmut/Pois      16%        N/A       19%         3

Your spell library contained the following spells:

 Spells                   Type           Power      Damage    Failure   Level
 Freeze                   Ice            8%         1d3       21%         1
 Slow                     Hex            8%         N/A       21%         1
 Passwall                 Tmut/Erth      5%         N/A       22%         2
 Blink                    Tloc           4%         N/A       30%         2
 Static Discharge         Conj/Air       2%         3-4/arc   30%         2
 Confusing Touch          Hex            2%         N/A       52%         3
 Frozen Ramparts          Ice            4%         1d1       52%         3
 Lesser Beckoning         Tloc           2%         N/A       52%         3
 Vampiric Draining        Necr           2%         2d6       52%         3
 Ice Form                 Ice/Tmut       6%         N/A       82%         4
 Dispel Undead            Necr           2%         3d7       90%         4
 Hailstorm                Conj/Ice       2%         3d3       90%         4
 Lightning Bolt           Conj/Air       1%         1d12      99%         5
 Manifold Assault         Tloc           2%         N/A       99%         5
 Dragon Form              Tmut           5%         N/A       100%        7
 Haunt                    Necr/Summ      1%         N/A       100%        7
 Maxwell's Capacitive Co  Air            1%         ∞         100%        8


Dungeon Overview and Level Annotations

Branches:
Dungeon (6/15)             Temple (1/1) D:6

Altars:
Ashenzari
Cheibriados
Gozag
Kikubaaqudgha
Okawaru
Qazlal
Ru
Vehumet
Wu Jian
Yredelemnul
Jiyva

Shops:
D:4 :


Innate Abilities, Weirdness & Mutations

You are partially covered in thin metallic scales. (AC +2)
A meltable shield of frost defends you. (SH +4)
You have a tail ending in a sharp stinger.


Message History

The gnoll barely misses you.
You bite the gnoll!
The gnoll is poisoned.
The gnoll is heavily wounded.
You bite the gnoll!
You kill the gnoll!
A vampire comes into view.
You see here a +0 halberd.
Your transformation is almost over.
The vampire mumbles some strange words.
The vampire flickers and vanishes!
Deactivating autopickup; reactivate with Ctrl-A.
You bite something! Something completely misses you. Something bites you.
Something draws strength from your injuries!
You hit something. Something barely misses you. Something bites you.
Something draws strength from your injuries!
You hit something. Something hits you. Something bites you!
Something draws strength from your injuries!
You bite something! Something misses you. Something closely misses you.
Unknown command.
You bite something! You block something's attack. Something bites you!
Something draws strength from your injuries!
It was a potion of brilliance.
You feel clever all of a sudden.
Your transformation has ended.
Your +1 robe unmelds from your body.
Something draws life force from you.
Activating: Oozemancy (17% risk of failure)
Press: ? - help, Dir - look around, f - activate You fail to use your ability.
Something draws life force from you.
Unknown command.
Unknown command.
Activating: Oozemancy (17% risk of failure)
Press: ? - help, Dir - look around, f - activate Slime begins to ooze from the nearby walls!
The walls burn something!
You block something's attack. Something bites you!
* * * LOW HITPOINT WARNING * * *
Something draws strength from your injuries!
Unknown command.
It was a potion of attraction.
You feel attractive to monsters.
The walls burn something!
Something hits you!
You die...

# # # #### ## #
####..##.## #
#####.....)...## ##
###........)..)..#
.######...P.P....#####.#
.##.##.....~~~~..#
.#.........P..P.@#
>#.........~~~~P{##+
.##.......P...P....
....................
...........##...##..
#..##.##...#....# ...
##.####.........###...
#....#..........J......
..[........##.........


There were no monsters in sight!

Vanquished Creatures
  Grinder (D:4)
  Sigmund (D:2)
  Eustachio (D:5)
  A water moccasin (D:6)
  3 black bears
  3 ogres
  A phantom (D:5)
  2 bullfrogs (D:6)
  A scorpion (D:5)
  A howler monkey (D:6)
  2 hounds
  2 iguanas
  Terence (D:3)
  2 orc wizards (D:4)
  7 gnolls
  4 adders
  A white imp (D:6)
  2 ufetubi
  3 worms
  4 dart slugs
  4 orcs
  6 endoplasms
  3 giant cockroaches
  8 goblins
  A hobgoblin (D:1)
  3 jackals (D:2)
  2 quokkas
  6 ball pythons
  3 bats (D:2)
  2 frilled lizards
  8 kobolds
  6 rats
95 creatures vanquished.

Vanquished Creatures (others)
  2 centaurs (D:4)
  A jelly (D:6)
  2 hounds
  An endoplasm (D:4)
  An orc (D:4)
  2 giant cockroaches (D:4)
  A goblin (D:4)
  A quokka (D:4)
  A ball python (D:4)
  A fungus (D:6)
13 creatures vanquished.

Grand Total: 108 creatures vanquished

Notes
Turn   | Place    | Note
-------+----------+-------------------------------------------
     0 | D:1      | ytrimaz the Demonspawn Transmuter began the quest for the
                  | Orb.
     0 | D:1      | Reached XP level 1. HP: 15/15 MP: 3/3
   427 | D:1      | Reached skill level 3 in Unarmed Combat
   484 | D:1      | Gained mutation: You are partially covered in thin metallic
                  | scales. (AC +2) [demonic ancestry]
   484 | D:1      | Reached XP level 2. HP: 21/21 MP: 5/5
  1022 | D:1      | Reached XP level 3. HP: 25/26 MP: 6/6
  1419 | D:2      | Noticed Sigmund
  1445 | D:2      | Killed Sigmund
  1446 | D:2      | Reached skill level 5 in Unarmed Combat
  1446 | D:2      | Gained mutation: A meltable shield of frost defends you.
                  | (SH +4) [demonic ancestry]
  1446 | D:2      | Reached XP level 4. HP: 11/32 MP: 7/7
  1446 | D:2      | Gained mutation: You have a small tail. [demonic ancestry]
  1446 | D:2      | Reached XP level 5. HP: 13/37 MP: 8/8
  2768 | D:3      | Found a broken altar of Ashenzari.
  2843 | D:3      | Noticed Terence
  2859 | D:3      | Killed Terence
  2993 | D:3      | Reached XP level 6. HP: 40/43 MP: 9/9
  2996 | D:3      | Learned a level 2 spell: Wereblood
  3408 | D:3      | Found a faded altar of an unknown god.
  3954 | D:3      | Prayed at the altar of an unknown god.
  3954 | D:3      | Became a worshipper of Jiyva Jafadygg the Shapeless
  3954 | D:3      | Reached * piety under Jiyva
  4021 | D:4      | Found Uskeihyt's Book Emporium.
  4067 | D:4      | Learned a level 3 spell: Spider Form
  4078 | D:4      | Noticed Grinder
  4092 | D:4      | Killed Grinder
  4093 | D:4      | Reached skill level 6 in Unarmed Combat
  4093 | D:4      | Reached XP level 7. HP: 28/49 MP: 10/10
  4325 | D:4      | Reached ** piety under Jiyva
  4392 | D:4      | Got the Writings on Changed Diablerie
  4570 | D:4      | Reached skill level 1 in Poison Magic
  4656 | D:5      | Entered Level 5 of the Dungeon
  4726 | D:5      | Found an iron altar of Okawaru.
  4741 | D:5      | Reached skill level 7 in Unarmed Combat
  4816 | D:5      | Gained mutation: You have a tail ending in a sharp stinger.
                  | [demonic ancestry]
  4816 | D:5      | Reached XP level 8. HP: 53/57 MP: 11/11
  4941 | D:5      | Noticed Eustachio
  4958 | D:5      | Killed Eustachio
  4959 | D:5      | Reached skill level 8 in Unarmed Combat
  5265 | D:6      | Found a staircase to the Ecumenical Temple.
  5276 | Temple   | Entered the Ecumenical Temple
  5327 | D:6      | Reached *** piety under Jiyva
  5385 | D:6      | Found an opulent altar of Gozag.
  5522 | D:6      | Reached skill level 9 in Unarmed Combat
  5585 | D:6      | Found a sacrificial altar of Ru.
  5608 | D:6      | Identified the +0 cloak of Nahobau {rPois Stlth+}
  5667 | D:6      | Slain by a vampire

Illustrated notes

Levels and vault maps discovered:
D:1:      wheals_arrival_linesprint, layout_loops_ring,
          dreamdust_princess_corridor, minmay_misc_feat_secret_circle,
          kennysheep_doodads
D:2:      layout_basic, uniq_sigmund
D:3:      layout_basic, elyvilon_altar_3, mainiacjoe_overflow_tiny_flanked,
          dilly_ecumenical_altar_fadedgnrine, portal_sewer_entry_d,
          kennysheep_generic_room_9, uniq_terence
D:4:      layout_basic, corexii_item_surrounded_by_moat, st_stairs_14,
          minmay_shop_grid_forest, kennysheep_cross_room, minmay_manual_mares,
          uniq_grinder
D:5:      layout_basic, mainiacjoe_overflow_surrounded_room, uniq_eustachio
D:6:      layout_cave_pools, lemuel_round_altar, mainiacjoe_overflow_alcove_1,
          minmay_temple_entry_fiery, dreamdust_gnoll_farm
Temple:   hellmonk_temple_two_chambers

Skill      XL: |  1  2  3  4  5  6  7  8 |
---------------+-------------------------+-----
Dodging        | 2 3 4 |  4.2
Unarmed Combat | 3 5 6 7 9 |  9.1
Fighting       | 2 |  2.4
Poison Magic   | 2 3 |  3.9
Shields        | |  0.3
Spellcasting   | |  2.0
Transmutations | |  1.7

Action                   |  1- 3 |  4- 6 |  7- 9 || total
-------------------------+-------+-------+-------++-------
Melee: Unarmed           |    72 |   108 |   139 ||   319
       Kick              |     9 |    14 |     5 ||    28
       Headbutt          |     7 |    17 |     2 ||    26
       Tailslap          |       |    14 |     1 ||    15
       Punch             |       |     2 |     3 ||     5
 Cast: Beastly Appendage |    18 |    20 |     7 ||    45
       Spider Form       |       |     1 |    17 ||    18
       Wereblood         |       |     1 |     2 ||     3
Invok: Oozemancy         |       |       |     1 ||     1
  Use: Scroll            |     3 |       |     6 ||     9
       Potion            |     1 |       |     2 ||     3
 Stab: Sleeping          |     2 |     1 |     1 ||     4
Armor: Robe              |     9 |    29 |    12 ||    50
       Skin              |     5 |       |     3 ||     8
Dodge: Dodged            |    37 |    58 |   137 ||   232
Block: Other             |       |     6 |    30 ||    36

Table legend: (Time is in decaauts)
 A = Elapsed time spent in this place.
 B = Non-inter-level travel time spent in this place.
 C = Inter-level travel time spent in this place.
 D = Time resting spent in this place.
 E = Time spent auto-exploring this place.
 F = Levels seen in this place.
 G = Mean time per level.
                   A        B        C        D        E       F      G
               +--------+--------+--------+--------+--------+-----+--------+
         Total |   5629 |   5389 |    240 |    109 |   4376 |   7 |  804.1 |
       Dungeon |   5611 |   5375 |    236 |    109 |   4366 |   6 |  935.2 |
        Temple |     17 |     13 |      4 |      0 |     10 |   1 |   17.0 |
               +--------+--------+--------+--------+--------+-----+--------+

Top non-repeatable levels by time:
     D:2: 1392 daAuts
     D:1: 1359 daAuts
     D:3: 1255 daAuts
     D:4: 628 daAuts
     D:5: 568 daAuts
     D:6: 408 daAuts
  Temple: 17 daAuts
